 Dungeon Crawl Stone Soup version 0.29.1-2-gbd0b4ee654 (webtiles) character file.

Game seed: 4595216703825816827

65 fireball365 the Covered (level 3, -4/33 HPs)
             Began as a Minotaur Fighter on Oct 25, 2022.
             Slain by a gnoll
             ... wielding a +0 halberd
              (9 damage)
             ... on level 2 of the Dungeon.
             The game lasted 00:03:15 (1038 turns).

fireball365 the Covered (Minotaur Fighter)          Turns: 1038, Time: 00:03:17

Health: -4/33      AC:  7    Str: 20    XL:     3   Next: 92%
Magic:  2/2        EV:  9    Int:  5    God:
Gold:   44         SH:  4    Dex: 11    Spells: 2/2 levels left

rFire   . . .      SeeInvis .   a - +0 war axe
rCold   . . .      Faith    .   c - +0 buckler
rNeg    + . .      Spirit   .   b - +0 scale mail
rPois   .          Reflect  .   (helmet restricted)
rElec   .          Harm     .   (no cloak)
rCorr   .          Rampage  .   (no gloves)
Will    .....                   (no boots)
Stlth   ..........              (no amulet)
HPRegen 0.11/turn               e - ring of positive energy
MPRegen 0.08/turn               (no ring)

@: no status effects
A: horns 2, retaliatory headbutt
a: no special abilities


You were on level 2 of the Dungeon.
You visited 1 branch of the dungeon, and saw 2 of its levels.

You collected 44 gold pieces.

Inventory:

Hand Weapons
 a - a +0 war axe (weapon)
Missiles
 i - 15 stones (quivered)
Armour
 b - a +0 scale mail (worn)
 c - a +0 buckler (worn)
 o - a +1 leather armour of fire resistance
Jewellery
 e - a ring of positive energy (left hand)
Wands
 p - a wand of roots (5)
Scrolls
 f - a scroll of enchant weapon {unknown}
 j - a scroll of brand weapon {unknown}
 l - 2 scrolls of identify {unknown}
 m - a scroll of fear {unknown}
Potions
 d - a potion of might
 g - 2 potions of heal wounds {unknown}
 h - a potion of attraction {unknown}
 k - a potion of mutation {unknown}
 n - a potion of resistance {unknown}


   Skills:
 + Level 4.0 Fighting
 * Level 3.8 Axes
 + Level 4.2 Armour
 + Level 0.3 Dodging
 + Level 0.1 Stealth
 + Level 4.0 Shields


You had 2 spell levels left.
You didn't know any spells.
Your spell library contained the following spells:

 Spells                   Type           Power      Damage    Failure   Level
 Ensorcelled Hibernation  Hex/Ice        0%         N/A       96%         2
 Passwall                 Tmut/Erth      0%         N/A       96%         2
 Swiftness                Air            0%         N/A       99%         3


Dungeon Overview and Level Annotations

Branches:
Dungeon (2/15)

Altars:


Innate Abilities, Weirdness & Mutations

You have a pair of horns on your head.
You reflexively headbutt those who attack you in melee.


Message History

The gnoll shouts! x2
A dart slug comes into view.
You see here 4 stones.
There is a stone staircase leading down here.
The gnoll hits you with a +0 club.
The rat twitches its whiskers.
You closely miss the gnoll. You block the gnoll's attack.
The gnoll barely misses you. The gnoll closely misses you.
You hit the gnoll.
The gnoll is moderately wounded.
You block the gnoll's attack.
The gnoll hits you from afar with a +0 halberd.
You barely miss the gnoll.
The gnoll is moderately wounded.
The gnoll completely misses you. The gnoll barely misses you.
You hit the gnoll.
The gnoll is moderately wounded.
The gnoll closely misses you. You block the gnoll's attack.
The gnoll closely misses you. You furiously retaliate!
You headbutt the gnoll!
You kill the gnoll!
The gnoll hits you but does no damage.
You hit the rat.
You kill the rat!
The gnoll hits you from afar with a +0 halberd!
The gnoll hits you with a +0 halberd!
* * * LOW HITPOINT WARNING * * *
Things that are here:
a +0 club; a gnoll corpse You slash the dart slug!
You headbutt the dart slug.
You kill the dart slug!
You completely miss the gnoll. The gnoll completely misses you.
The gnoll barely misses you. You furiously retaliate!
You headbutt the gnoll!
You see here a dart slug corpse.
You hit the gnoll.
The gnoll is severely wounded.
The gnoll hits you from afar with a +0 spear.
* * * LOW HITPOINT WARNING * * *
You block the gnoll's attack. The gnoll hits you but does no damage.
The gnoll hits you with a +0 halberd!
You die...

.....|##...# #...#.#.##
#...(...# ##.#....#
.###...#..#
.###..###..##.####..#
...#.###..##.....# #
#.#.##...##.###.... ##
#...##..g@#.# .. .#
#..##..#)#.##
.########......#g#..#
........<...........###
.##...######...##.#...####
.##...######...##.#.#....#
.##...#...............####
..#.....##.#...##...###
#.....###..#...##....#


You could see 2 gnolls.

Vanquished Creatures
  Terence (D:2)
  A gnoll (D:2)
  A dart slug (D:2)
  2 ball pythons (D:1)
  2 endoplasms
  2 giant cockroaches (D:2)
  A goblin (D:1)
  6 hobgoblins (D:1)
  A kobold (D:1)
  3 quokkas
  A bat (D:1)
  A frilled lizard (D:1)
  2 rats
24 creatures vanquished.

Notes
Turn   | Place    | Note
-------+----------+-------------------------------------------
     0 | D:1      | fireball365 the Minotaur Fighter began the quest for the
                  | Orb.
     0 | D:1      | Reached XP level 1. HP: 19/19 MP: 0/0
   119 | D:1      | Reached XP level 2. HP: 27/27 MP: 1/1
   858 | D:2      | Noticed Terence
   868 | D:2      | Killed Terence
   869 | D:2      | Reached XP level 3. HP: 14/33 MP: 2/2
  1038 | D:2      | Slain by a gnoll

Illustrated notes

Levels and vault maps discovered:
D:1:      spicycebolla_arrival_ecumenical, layout_basic
D:2:      layout_rooms, uniq_terence

Skill      XL: |  1  2 |
---------------+-------+-----
Armour         | 4 |  4.2
Axes           | 3 |  3.8
Fighting       | 4 |  4.0
Shields        | 4 |  4.0
Dodging        | |  0.3
Stealth        | |  0.1

Action                   || total
-------------------------++-------
Melee: War axe           ||    41
       Headbutt          ||     8
Armor: Scale mail        ||    23
Dodge: Dodged            ||    34
Block: Buckler           ||    21
